Map: Hecate LE

Players

Jumpit

  • Race: Terran Terran
  • League: Diamond
  • Spawn Location: 1:00

SubN - Winner!

  • Race: Zerg Zerg
  • League: Diamond
  • Spawn Location: 7:00

VOD

Have the link to the VOD?

Description

Time

  • Played on: Jan. 22, 2024, 5:46 p.m.
  • Length: 3:41
Show
View Real Time Build Order
Export as new Build Order

Jumpit Terran 

Build Orders:  

Get SALT Encoding   

Show
View Real Time Build Order
Export as new Build Order

SubN Zerg - Winner!

Build Orders: Pool First 

Get SALT Encoding   

  12  0:00  Drone  
  13  0:12  Overlord  
  13  0:16  Drone  
  14  0:30  Drone x2  
  16  0:42  Drone  
  17  0:45  Spawning Pool  
  17  0:47  Drone  
  17  1:09  Hatchery  
  16  1:12  Drone  
  16  1:15  Drone  
  18  1:26  Extractor  
  18  1:32  Zergling x4  
  19  1:33  Queen  
  21  1:41  Drone  
  22  1:49  Overlord  
  22  2:01  Overlord  
  22  2:09  Queen  
  24  2:18  Drone  
  24  2:20  Queen  
  24  2:22  Drone x2  
Tags
 
Matchup
TvZ
Opening
Pool First
Replay Pack
2025 replay dump
Spawn Locations
Cross Positions
Add a new tag
Caveats
  • Supply blocks, unpowered buildings, or Contaminate may cause inaccurate times.
  • Supply counts are checked every 10 seconds.